 Dungeon Crawl Stone Soup version 0.31-a0-1603-gbec6b6ccbf (webtiles) character file.

Game seed: 17624691592656837634

2548 wildpjah the Thaumaturge (level 9, -5/69 HPs)
             Began as a Purple Draconian Air Elementalist on Jan 8, 2024.
             Was a Follower of Sif Muna.
             Killed from afar by a steam dragon (13 damage)
             ... with a ball of steam
             ... on level 10 of the Dungeon.
             The game lasted 00:17:28 (7627 turns).

wildpjah the Thaumaturge (DrAE)                     Turns: 7627, Time: 00:17:29

Health: -5/69      AC: 10    Str: 11    XL:     9   Next: 30%
Magic:  27/30      EV: 12    Int: 27    God:    Sif Muna [*.....]
Gold:   440        SH:  0    Dex: 12    Spells: 11/24 levels left

rFire   . . .        m - +6 dagger of Propriety {pain, ^Contam rPois Will+++ Int+2}
rCold   . . .        (no shield)
rNeg    . . .        (body armour unavailable)
rPois   +            (helmet restricted)
rElec   .            D - +2 cloak
rCorr   .            (no gloves)
SInv    .            (no boots)
Will    ++++.        (no amulet)
Stlth   ++           c - +6 ring of intelligence
HPRegen 0.31/turn    d - ring of magical power
MPRegen 0.22/turn

%: no passive effects
@: swift, quick
A: breathe power, AC +7, unfitting armour, cold-blooded
a: Breathe Dispelling Energy, Renounce Religion, Channel Magic


You were on level 10 of the Dungeon.
You worshipped Sif Muna.
Sif Muna was aware of your devotion.
You visited 1 branch of the dungeon, and saw 9 of its levels.

You collected 440 gold pieces.

Inventory:

Hand Weapons
 m - the +6 dagger of Propriety (weapon) {pain, ^Contam rPois Will+++ Int+2}
   (You found it on level 2 of the Dungeon)

   Int+2:     It affects your intelligence (+2).
   rPois:     It protects you from poison Will+++: It greatly increases your
   willpower.
   ^Contam:   It causes magical contamination when unequipped.
 G - a +2 dagger of protection
 I - a +1 dagger of flaming
Missiles
 j - 5 javelins
 H - 2 boomerangs
Armour
 q - a +0 cloak
 D - a +2 cloak (worn)
Jewellery
 c - a +6 ring of intelligence (left hand)
 d - a ring of magical power (right hand)
 u - a ring of willpower
 A - a ring of ice
Wands
 z - a wand of roots (12)
 B - a wand of flame (14)
 F - a wand of polymorph (20)
Scrolls
 f - a scroll of summoning {unknown}
 h - a scroll of teleportation
 i - a scroll of poison
 l - 2 scrolls of silence
 n - 2 scrolls of noise
 r - a scroll of fog
 v - 5 scrolls of blinking
 x - a scroll of immolation
 J - a scroll of torment
Potions
 a - a potion of magic
 b - 3 potions of resistance {unknown}
 g - a potion of degeneration {unknown}
 k - 2 potions of enlightenment {unknown}
 o - 3 potions of heal wounds {unknown}
 p - 2 potions of berserk rage {unknown}
 s - a potion of brilliance {unknown}
 t - 2 potions of attraction {unknown}
 w - a potion of curing {unknown}
 C - a potion of ambrosia {unknown}
 E - a potion of mutation {unknown}


   Skills:
 * Level 3.0 Fighting
 + Level 1.5 Short Blades
 * Level 3.3 Dodging
 + Level 2.7 Stealth
 * Level 8.0 Spellcasting
 * Level 5.7 Conjurations
 + Level 0.3 Hexes
 + Level 1.7 Necromancy
 * Level 7.0 Air Magic
 + Level 2.3 Evocations


You had 11 spell levels left.
You knew the following spells:

 Your Spells              Type           Power      Damage    Failure   Level
a - Shock                 Conj/Air       100%       1d9       1%          1
b - Swiftness             Air            48%        N/A       1%          3
c - Static Discharge      Conj/Air       90%        3-7/arc   1%          2
d - Conjure Ball Lightni  Conj/Air       22%        3x3d6     52%         6
e - Slow                  Hex            48%        N/A       4%          1

Your spell library contained the following spells:

 Spells                   Type           Power      Damage    Failure   Level
 Kiss of Death            Conj/Necr      100%       2d13      1%          1
 Necrotise                Necr           80%        1d8       2%          1
 Airstrike                Air            24%        2d(4-20)  3%          4
 Vampiric Draining        Necr           20%        2d7       8%          3
 Confusing Touch          Hex            12%        N/A       14%         3
 Sigil of Binding         Hex            12%        N/A       14%         3
 Tukima's Dance           Hex            12%        N/A       14%         3
 Iskenderun's Battlesphe  Conj           41%        2d9       14%         5
 Volatile Blastmotes      Fire/Tloc      20%        2d11      16%         3
 Brom's Barrelling Bould  Conj/Erth      26%        2d5       16%         4
 Fulminant Prism          Conj/Alch      13%        3d8       16%         4
 Iskenderun's Mystic Bla  Conj/Tloc      26%        2d7       16%         4
 Dispel Undead            Necr           20%        3d11      26%         4
 Martyr's Knell           Necr/Summ      15%        N/A       36%         4
 Fireball                 Conj/Fire      13%        3d7       41%         5
 Passage of Golubria      Tloc           10%        N/A       45%         4
 Curse of Agony           Necr           20%        N/A       56%         5
 Yara's Violent Unravell  Hex/Alch       5%         3d4       80%         5
 Orb of Destruction       Conj           20%        9d8       99%         7


Dungeon Overview and Level Annotations

Branches:
Dungeon (10/15)               Orc (0/2) D:10
 Temple: D:4-7         Lair: D:8-11

Altars:
Gozag
Ru
Sif Muna
Uskayaw
Xom

Shops:
D:1 ?   D:5 =


Innate Abilities, Weirdness & Mutations

You can breathe bolts of dispelling energy.
Your rich purple scales are hard. (AC +7)
You cannot fit into any form of body armour.
You are cold-blooded and may be slowed by cold attacks.


Message History

The steam dragon is moderately wounded.
The steam dragon bites you but does no damage.
The steam dragon barely misses you.
You hit the steam dragon.
You tail-slap the steam dragon, but do no damage.
The steam dragon is moderately wounded.
The steam dragon misses you. The steam dragon barely misses you.
You hit the steam dragon.
The steam dragon writhes in agony.
Your tail-slap misses the steam dragon.
The steam dragon is heavily wounded.
The steam dragon barely misses you. The steam dragon claws you.
You hit the steam dragon but do no damage.
The steam dragon is heavily wounded.
The steam dragon breathes steam at you. The ball of steam hits you!
* * * LOW HITPOINT WARNING * * *
The steam dragon closely misses you. The steam dragon completely misses you.
You hit the steam dragon.
Your tail-slap misses the steam dragon.
Your punch misses the steam dragon.
The steam dragon is heavily wounded.
The steam dragon barely misses you. The steam dragon misses you.
You hit the steam dragon but do no damage.
The steam dragon is heavily wounded.
The steam dragon barely misses you.
The steam dragon claws you but does no damage.
You barely miss the steam dragon.
The steam dragon is heavily wounded.
The steam dragon bites you.
* * * LOW HITPOINT WARNING * * *
The steam dragon barely misses you.
You hit the steam dragon but do no damage.
The steam dragon writhes in agony.
The steam dragon is severely wounded.
The steam dragon bites you but does no damage.
The steam dragon barely misses you.
You hit the steam dragon.
The steam dragon writhes in agony.
The steam dragon is severely wounded.
The steam dragon breathes steam at you. The ball of steam hits you!
You die...

*************#####**#############
,,,,,,,,,,,,,,....,,,............
,,,,,,,,,*****#..#****#....#***#<
,******,,######..# #....# #.
,,,** *,,........######....# #.
*,,,***,,........D.........#####.
**,,,,,,,...<...@................
,*,,,****############..##########
,**,,,,,,,,,* #....#*
,,*,,,,,,,,,* #.....#*
,,*,,,,,,,,,* ##.....#
*,*,,,,,_,,** #.....#
,**,,,,,,,,* ##....#*
**,,,,,,,,,** *,,,,,*
**,,,,,,,,,,* ***,,***


You could see a steam dragon (catching breath).

Vanquished Creatures
  Grinder (D:6)
  A water moccasin (D:5)
  2 orc warriors
  A sky beast (D:7)
  A black bear (D:5)
  2 ogres (D:5)
  A phantom (D:5)
  Blork the orc (D:6)
  A kobold brigand (D:6)
  A bullfrog (D:7)
  6 scorpions
  4 hounds
  2 bombardier beetles
  A jelly (D:6)
  2 orc priests
  2 gnoll boudas
  2 iguanas
  3 sleepcaps
  Natasha (D:2)
  10 orc wizards
  A hound skeleton (D:2)
  13 gnolls
  9 adders
  A white imp (D:5)
  An adder zombie (D:2)
  An adder skeleton (D:2)
  4 dart slugs
  A ribbon worm (D:2)
  21 orcs
  5 ball pythons
  A bat skeleton (D:2)
  6 endoplasms
  2 giant cockroaches
  11 goblins
  7 hobgoblins
  5 jackals (D:3)
  2 quokkas
  A ball python zombie (D:2)
  5 bats
  7 frilled lizards
  A giant cockroach zombie (D:2)
  10 kobolds
  3 rats
163 creatures vanquished.

Notes
Turn   | Place    | Note
-------+----------+-------------------------------------------
     0 | D:1      | wildpjah the Draconian Air Elementalist began the quest for
                  | the Orb.
     0 | D:1      | Reached XP level 1. HP: 14/14 MP: 3/3
     3 | D:1      | Found a faded altar of an unknown god.
   254 | D:1      | Reached XP level 2. HP: 18/20 MP: 5/5
   390 | D:1      | Found Oharer's Magic Scroll Boutique.
   703 | D:1      | Reached XP level 3. HP: 26/26 MP: 6/6
  1239 | D:1      | Learned a level 3 spell: Swiftness
  1242 | D:1      | Learned a level 2 spell: Static Discharge
  1873 | D:2      | Reached XP level 4. HP: 33/33 MP: 8/8
  2283 | D:2      | Noticed Natasha
  2315 | D:2      | Killed Natasha
  2316 | D:2      | Reached skill level 3 in Spellcasting
  2316 | D:2      | Reached XP level 5. HP: 34/38 MP: 9/9
  2621 | D:2      | Identified the +6 dagger of Propriety {pain, ^Contam rPois
                  | Will+++ Int+2}
  3853 | D:4      | Reached XP level 6. HP: 22/46 MP: 5/11
  4020 | D:4      | Reached skill level 1 in Necromancy
  4117 | D:4      | Reached skill level 4 in Spellcasting
  4454 | D:5      | Entered Level 5 of the Dungeon
  4469 | D:5      | Your scales start taking on a rich purple colour.
  4469 | D:5      | Reached skill level 5 in Spellcasting
  4469 | D:5      | Reached XP level 7. HP: 49/51 MP: 14/14
  4551 | D:5      | Found Ecwonut's Jewellery Shop.
  4689 | D:5      | Reached skill level 5 in Air Magic
  4691 | D:5      | Reached skill level 1 in Evocations
  4900 | D:5      | Reached skill level 6 in Spellcasting
  4900 | D:5      | Reached XP level 8. HP: 58/58 MP: 17/17
  5020 | D:5      | Reached skill level 1 in Fighting
  5080 | D:5      | Found a shimmering altar of Xom.
  5093 | D:5      | Learned a level 6 spell: Conjure Ball Lightning
  5111 | D:5      | Found an opulent altar of Gozag.
  5116 | D:5      | Found a shimmering blue altar of Sif Muna.
  5124 | D:5      | Became a worshipper of Sif Muna the Loreminder
  5184 | D:5      | Learned a level 1 spell: Slow
  5565 | D:6      | Reached skill level 1 in Short Blades
  5709 | D:6      | Noticed Blork the orc
  5719 | D:6      | Killed Blork the orc
  5908 | D:6      | Reached skill level 5 in Conjurations
  6065 | D:6      | Reached skill level 7 in Spellcasting
  6234 | D:6      | Found a hide-covered altar of Uskayaw.
  6529 | D:6      | Noticed Grinder
  6537 | D:6      | Killed Grinder
  6538 | D:6      | Reached XP level 9. HP: 68/68 MP: 20/20
  7067 | D:7      | Reached * piety under Sif Muna
  7449 | D:7      | Reached skill level 8 in Spellcasting
  7519 | D:7      | You fall into a shaft and drop 3 floors!
  7519 | D:10     | Entered Level 10 of the Dungeon
  7519 | D:10     | Found a sacrificial altar of Ru.
  7627 | D:10     | Killed from afar by a steam dragon

Illustrated notes

Levels and vault maps discovered:
D:1:      wander_arrival_lonely_grave, layout_basic,
          dreamdust_ecumenical_altar_statues, serial_shops,
          nicolae_shop_rolling_square
D:2:      layout_basic, dilly_guarded_unrand_morg
D:3:      layout_basic
D:4:      layout_rooms
D:5:      layout_basic, minmay_overflow_temple_star_quad, serial_shops,
          nicolae_shop_gaudy_bauble, minmay_circle_x
D:6:      layout_loops_ring, mainiacjoe_overflow_brackets,
          palyth_stone_intersect, uniq_grinder, uniq_blork_the_orc
D:7:      layout_loops_corners, minmay_temple_entry_ruins
D:9:      layout_basic, mainiacjoe_overflow_paths, minmay_lair_entry_lava,
          serial_bayou_pond_e, uniq_maurice
D:10:     layout_stronghold, fedhas_altar_1, nicolae_tso_carved_into_rock,
          mainiacjoe_overflow_small_starburst, mainiacjoe_overflow_alcove_2,
          mainiacjoe_overflow_boulevard, gammafunk_ghost_wrathful_warriors,
          nicolae_fort_ynox, uniq_erolcha

Skill      XL: |  1  2  3  4  5  6  7  8  9 |
---------------+----------------------------+-----
Dodging        | 2 3 |  3.3
Stealth        | 2 |  2.7
Air Magic      | 4 5 6 7 |  7.0
Spellcasting   | 3 5 6 7 8 |  8.0
Conjurations   | 2 3 4 5 |  5.7
Necromancy     | 1 |  1.7
Evocations     | 2 |  2.3
Fighting       | 2 3 |  3.0
Short Blades   | 1 |  1.5
Hexes          | |  0.3

Action                     |  1- 3 |  4- 6 |  7- 9 || total
---------------------------+-------+-------+-------++-------
  Melee: Tailslap          |     1 |       |     5 ||     6
         Unarmed           |     1 |       |       ||     1
         Dagger            |       |     5 |    47 ||    52
   Cast: Shock             |    77 |   140 |   234 ||   451
         Slow              |       |       |     5 ||     5
         Swiftness         |       |       |     2 ||     2
Ability: Breathe Dispellin |       |       |     1 ||     1
    Use: Scroll            |       |       |    10 ||    10
   Stab: Sleeping          |       |       |     1 ||     1
 Armour: Skin              |    25 |    17 |    84 ||   126
  Dodge: Dodged            |    23 |    30 |    49 ||   102

Table legend: (Time is in decaauts)
 A = Elapsed time spent in this place.
 B = Non-inter-level travel time spent in this place.
 C = Inter-level travel time spent in this place.
 D = Time resting spent in this place.
 E = Time spent auto-exploring this place.
 F = Levels seen in this place.
 G = Mean time per level.
                   A        B        C        D        E       F      G
               +--------+--------+--------+--------+--------+-----+--------+
         Total |   7623 |   7495 |    128 |     94 |   6295 |   9 |  847.0 |
       Dungeon |   7623 |   7495 |    128 |     94 |   6295 |   9 |  847.0 |
               +--------+--------+--------+--------+--------+-----+--------+

Top non-repeatable levels by time:
     D:2: 1477 daAuts
     D:6: 1322 daAuts
     D:1: 1278 daAuts
     D:5: 1099 daAuts
     D:3: 1012 daAuts
     D:4: 683 daAuts
     D:7: 642 daAuts
    D:10: 104 daAuts
     D:9: 1 daAuts
